 Dungeon Crawl Stone Soup version 0.31-a0-204-g7da18cac08 (webtiles) character file.

Game seed: 17943063996856274487

109 qw the Skirmisher (level 4, -7/25 HPs)
             Began as a Deep Elf Hunter on June 27, 2023.
             Mangled by Sigmund
             ... wielding a +6 scythe of distortion
              (16 damage)
             ... on level 3 of the Dungeon.
             The game lasted 00:00:44 (1984 turns).

qw the Skirmisher (Deep Elf Hunter)                 Turns: 1984, Time: 00:00:45

Health: -7/25      AC:  3    Str: 10    XL:     4   Next: 60%
Magic:  6/6        EV: 17    Int: 14    God:
Gold:   82         SH:  0    Dex: 18    Spells: 3/3 levels left

rFire   . . .        Y - +0 shortbow
rCold   . . .        (shield currently unavailable)
rNeg    . . .        c - +0 leather armour
rPois   .            (no helmet)
rElec   .            (no cloak)
rCorr   .            (no gloves)
SInv    .            (no boots)
Will    +....        (no amulet)
Stlth   ++           e - ring of willpower
HPRegen 0.24/turn    f - +5 ring of evasion
MPRegen 0.10/turn

%: no passive effects
@: no status effects
A: no striking features
a: no special abilities


You were on level 3 of the Dungeon.
You visited 1 branch of the dungeon, and saw 3 of its levels.

You collected 82 gold pieces.


   Skills:
 - Level 1.5 Fighting
 + Level 8.0 Ranged Weapons
 - Level 2.4 Dodging
 - Level 1.2 Stealth


You had 3 spell levels left.
You didn't know any spells.
Your spell library was empty.

Inventory:

Hand Weapons
 Y - a +0 shortbow (weapon)
Armour
 c - a +0 leather armour (worn)
 n - a +0 pair of gloves
 o - a +1 robe of willpower
Jewellery
 e - a ring of willpower (left hand)
 f - a +5 ring of evasion (right hand)
 g - a ring of resist corrosion
 i - a ring of poison resistance
Scrolls
 a - a scroll of identify
 k - a scroll of enchant armour
 l - a scroll of fog {unknown}
 m - a scroll of immolation {unknown}
Potions
 b - 2 potions of curing
 d - a potion of mutation
 h - a potion of enlightenment
 j - a potion of heal wounds {unknown}

Dungeon Overview and Level Annotations

Branches:
Dungeon (3/15)

Altars:
Gozag

Shops:
D:2 *

Annotations:
D:3 Sigmund


Message History

You kill the ball python!
You now have 82 gold pieces (gained 10).
Found a chain mail.
Enter note:
Enter note:
Enter note:
Enter note: You see here a +0 chain mail.
Found a scroll of fear.
Enter note:
Enter note:
Enter note:
Enter note: Sigmund the Dreaded comes into view.
He is wielding a +6 scythe of distortion.
Enter note:
Enter note:
Enter note:
Enter note: You shoot an arrow.
The arrow hits Sigmund.
Sigmund is moderately wounded.
You shoot an arrow. The arrow hits Sigmund.
Sigmund is moderately wounded.
You shoot an arrow.
The arrow hits Sigmund but does no damage.
Sigmund is moderately wounded.
You shoot an arrow.
The arrow hits Sigmund but does no damage.
Sigmund is moderately wounded.
Sigmund points at you and mumbles some strange words.
The magic dart hits you.
You shoot an arrow. The arrow hits Sigmund!
Sigmund is severely wounded.
You shoot an arrow.
The arrow hits Sigmund but does no damage.
Sigmund is severely wounded.
Sigmund hits you from afar with a +6 scythe of distortion!
Ouch! That really hurt!
Space warps horribly around you!
Ouch! That really hurt!
You die...

#.# #.# #.# #.#
#.# ###########.#
#[..........#
#.###############
#.# #..@.@?....
#.# #.#########
#.# #.# #.# #.#
#.# #.####.##
#.#####........
#............#.
#.##########.#
### #


You could see Sigmund.

Vanquished Creatures
  Jessica (D:3)
  An adder (D:2)
  2 worms (D:2)
  2 dart slugs (D:1)
  7 ball pythons
  3 endoplasms (D:1)
  4 giant cockroaches
  5 goblins (D:1)
  5 hobgoblins
  2 jackals (D:2)
  2 quokkas
  6 bats
  A frilled lizard (D:1)
  10 kobolds
  11 rats
62 creatures vanquished.

Notes
Turn   | Place    | Note
-------+----------+-------------------------------------------
     0 | D:1      | qw the Deep Elf Hunter began the quest for the Orb.
     0 | D:1      | Reached XP level 1. HP: 12/12 MP: 3/3
     0 | D:1      | 0 ||| qw: Version: 0.3-a-22-g0ed2b0b
     0 | D:1      | 0 ||| qw: Game counter: 6620
     0 | D:1      | 0 ||| qw: Melee chars always use a shield: true
     0 | D:1      | 0 ||| qw: God list: Okawaru
     0 | D:1      | 0 ||| qw: Allow faded altars: false
     0 | D:1      | 0 ||| qw: Do Orc after clearing Dungeon:15 true
     0 | D:1      | 0 ||| qw: Do second Lair branch before Depths: true
     0 | D:1      | 0 ||| qw: Lair rune preference: random
     0 | D:1      | 0 ||| qw: Goals: Normal
     0 | D:1      | 0 ||| PLANNING D:1-11
    90 | D:1      | Found a faded altar of an unknown god.
    91 | D:1      | 91 ||| UPGRADING to ring of willpower.
    92 | D:1      | 92 ||| DROPPING scroll of butterflies.
   288 | D:1      | Reached skill level 6 in Ranged Weapons
   288 | D:1      | Reached XP level 2. HP: 16/16 MP: 4/4
   557 | D:1      | Reached XP level 3. HP: 15/20 MP: 5/5
   559 | D:1      | 559 ||| FLEEEEING.
   560 | D:1      | 560 ||| FLEEEEING.
   561 | D:1      | 561 ||| FLEEEEING.
   562 | D:1      | 562 ||| FLEEEEING.
   563 | D:1      | 563 ||| FLEEEEING.
   564 | D:1      | 564 ||| FLEEEEING.
   565 | D:1      | 565 ||| FLEEEEING.
   566 | D:1      | 566 ||| FLEEEEING.
   567 | D:1      | 567 ||| FLEEEEING.
   568 | D:1      | 568 ||| FLEEEEING.
   569 | D:1      | 569 ||| FLEEEEING.
   570 | D:1      | 570 ||| FLEEEEING.
   571 | D:1      | 571 ||| FLEEEEING.
   572 | D:1      | 572 ||| FLEEEEING.
   830 | D:1      | 830 ||| UPGRADING to +5 ring of evasion.
   831 | D:1      | 831 ||| READING scroll labelled MEDARU XIYREE.
   832 | D:1      | 832 ||| READING scroll labelled NYEJUR SARPHU.
   833 | D:1      | 833 ||| READING scroll labelled AKLUXKORAYRGH.
   834 | D:1      | 834 ||| DRINKING 2 glowing orange potions.
   926 | D:2      | Reached skill level 7 in Ranged Weapons
  1113 | D:2      | Found an opulent altar of Gozag.
  1480 | D:2      | Found Enal's Assorted Antiques.
  1488 | D:2      | 1488 ||| SHOPLISTING fizzy pink potion (20 gold, have 17).
  1488 | D:2      | 1488 ||| SHOPLISTING jade ring (115 gold, have 17).
  1488 | D:2      | 1488 ||| SHOPLISTING jewelled iron wand (92 gold, have 17).
  1488 | D:2      | 1488 ||| SHOPLISTING scroll labelled GONADO YCEYJ (23 gold,
                  | have 17).
  1488 | D:2      | 1488 ||| SHOPLISTING scroll labelled ZILEJETTEA (23 gold,
                  | have 17).
  1520 | D:2      | Reached XP level 4. HP: 25/25 MP: 6/6
  1579 | D:2      | 1579 ||| DROPPING ring of wizardry.
  1580 | D:2      | 1580 ||| READING scroll labelled SOOVEG VOGOFA.
  1581 | D:2      | 1581 ||| READING 3 scrolls of identify.
  1581 | D:2      | 1581 ||| IDENTIFYING fizzy yellow potion
  1582 | D:2      | 1582 ||| READING 2 scrolls of identify.
  1582 | D:2      | 1582 ||| IDENTIFYING fizzy pink potion
  1725 | D:3      | Noticed Jessica
  1729 | D:3      | Killed Jessica
  1730 | D:3      | Reached skill level 8 in Ranged Weapons
  1745 | D:3      | Identified the +6 hand axe of Wisdom {drain, rElec Str+2}
  1978 | D:3      | Noticed Sigmund
  1984 | D:3      | Mangled by Sigmund

Levels and vault maps discovered:
D:1:      lightli_arrival_quake, layout_loops_ring,
          shapermc_ecumenical_altar_ellora, minmay_octomino_e4
D:2:      kb_forest_paths, layout_basic, basic_altar, serial_shops, shop
D:3:      layout_basic, uniq_sigmund, uniq_jessica

Skill      XL: |  1  2  3  4 |
---------------+-------------+-----
Ranged Weapons | 6 7 8 |  8.0
Fighting       | |  1.5
Dodging        | |  2.4
Stealth        | |  1.2

Action                     |  1- 3 |  4- 6 || total
---------------------------+-------+-------++-------
   Fire: Shortbow          |   117 |    32 ||   149
    Use: Scroll            |     3 |     3 ||     6
         Potion            |     1 |       ||     1
 Armour: Leather armour    |     4 |     3 ||     7
  Dodge: Dodged            |    21 |     2 ||    23

Table legend:
 A = Non-vault XP
 B = Vault XP
 C = Vault XP percentage of total XP
 D = Non-vault monster count
 E = Vault monster count
 F = Vault count percentage of total count
                 A         B        C        D         E       F
            +---------+---------+-------+---------+---------+-------
      Total |      97 |      60 |  38.2 |      48 |      14 |  22.6
            +---------+---------+-------+---------+---------+-------
        D:1 |      40 |      13 |  24.5 |      24 |       7 |  22.6
        D:2 |      44 |      10 |  18.5 |      15 |       6 |  28.6
        D:3 |      13 |      37 |  74.0 |       9 |       1 |  10.0
            +---------+---------+-------+---------+---------+-------
